Map: Sous-marin EC

Players

Nadiejda - Winner!

  • Race: Terran Terran
  • Spawn Location: 5:00

VOD

Have the link to the VOD?

Description

Time

  • Played on: March 2, 2021, 6:07 p.m.
  • Length: 15:34
Show
View Real Time Build Order
Export as new Build Order

Nadiejda Terran - Winner!

Build Orders:  

Get SALT Encoding   

  12  0:01  SCV  
  13  0:19  SCV  
  14  0:33  Supply Depot  
  14  0:37  SCV  
  15  1:03  SCV  
  15  1:06  Barracks  
  16  1:19  Refinery  
  16  1:32  SCV  
  16  1:34  Supply Depot  
  17  1:49  SCV  
  18  2:12  Orbital Command  
  18  2:25  Reaper  
  19  2:33  Command Center  
  19  2:49  SCV  
  20  3:05  Marine  
  20  3:06  SCV  
  22  3:19  Bunker  
  22  3:23  SCV  
  23  3:34  Marine  
  24  3:49  Barracks  
  24  3:55  Barracks  
  24  3:59  Marine  
  25  4:01  SCV  
  25  4:02  Barracks  
  26  4:18  SCV  
  27  4:22  Orbital Command  
  27  4:44  Supply Depot  
  27  4:46  SCV  
  27  4:49  Marine  
  29  5:03  SCV x2  
  31  5:15  Supply Depot  
  31  5:20  SCV x2  
  31  5:23  Engineering Bay  
  33  5:37  SCV x2  
  34  5:42  Marine  
  34  5:43  Marine x3  
  34  5:47  Supply Depot  
  38  5:53  SCV  
  38  5:54  SCV  
  40  6:07  Marine  
  40  6:08  Marine x2  
  40  6:09  Marine  
  44  6:10  SCV  
  44  6:11  SCV  
  44  6:18  Supply Depot  
  46  6:27  SCV  
  46  6:28  SCV  
  48  6:32  Marine x2  
  50  6:41  Marine x2  
  50  6:44  SCV  
  50  6:45  SCV  
  50  6:49  Command Center  
  54  6:51  Supply Depot  
  54  6:57  Marine  
  55  7:03  SCV x2  
  57  7:11  Marine  
  57  7:12  Marine x2  
  57  7:19  SCV  
  60  7:20  SCV  
  60  7:22  Marine  
  60  7:23  Supply Depot  
  60  7:26  Barracks  
  60  7:29  Barracks  
  63  7:32  Barracks  
  63  7:33  Barracks  
  63  7:36  SCV, Marine x3  
  67  7:47  SCV  
  68  7:53  SCV  
  68  7:54  Terran Infantry Weapons Level 1  
  68  7:55  Supply Depot  
  68  7:58  Marine  
  70  8:01  Marine x3  
  70  8:04  SCV  
  74  8:19  Supply Depot  
  74  8:20  Supply Depot x2  
  74  8:23  Missile Turret, Marine  
  74  8:26  Supply Depot  
  75  8:30  Missile Turret  
  75  8:32  SCV x2  
  75  8:35  Orbital Command  
  77  8:48  Missile Turret  
  77  8:49  SCV x2  
  79  8:50  Bunker, Marine  
  79  8:51  Marine x5  
  79  8:52  Marine  
  79  8:53  Marine  
  79  8:57  Supply Depot  
  87  9:15  Supply Depot, Marine x2  
  87  9:16  Marine x5  
  94  9:25  Marine  
  94  9:28  SCV  
  94  9:29  SCV x2  
  98  9:40  Marine x3  
  98  9:41  Marine x4  
  98  9:45  SCV  
  98  9:46  SCV x2  
  98  9:49  Marine  
  109  10:05  Marine x3  
  109  10:06  Marine x4  
  109  10:07  Barracks  
  109  10:09  Barracks  
  116  10:10  Barracks  
  116  10:12  SCV x3  
  116  10:14  Marine  
  116  10:16  Bunker  
  120  10:30  Marine x3  
  120  10:31  Marine x4  
  120  10:39  Marine  
  128  10:49  Terran Infantry Armor Level 1  
  128  10:50  Supply Depot  
  128  10:55  Marine x3  
  128  10:56  Marine x3  
  128  10:59  Marine  
  135  11:04  Marine  
  136  11:20  Barracks x2, Marine x3  
  136  11:21  Missile Turret, Marine x3  
  136  11:22  Supply Depot  
  136  11:24  Barracks, Marine  
  136  11:29  Marine  
  144  11:30  Missile Turret  
  144  11:35  Missile Turret  
  144  11:50  Marine  
  144  11:51  Marine x7  
  144  11:52  Marine x2  
  144  11:54  Supply Depot, Marine  
  155  12:07  Missile Turret  
  155  12:15  Marine  
  155  12:16  Marine x7  
  155  12:17  Marine x2  
  155  12:19  Marine  
  162  12:25  Barracks  
  162  12:26  Barracks x2  
  162  12:27  Supply Depot  
  162  12:29  Barracks  
  146  12:30  Unknown  
  128  12:40  Marine  
  128  12:41  Marine x2, Missile Turret  
  128  12:44  Unknown  
  128  12:47  Marine  
  128  12:48  Marine x10  
  130  13:05  Marine  
  130  13:06  Marine x2  
  133  13:12  Marine  
  133  13:13  Marine x9  
  137  13:29  Supply Depot  
  122  13:30  Marine  
  122  13:31  Marine x2  
  122  13:33  Supply Depot  
  122  13:37  Marine  
  122  13:38  Marine x9  
  126  13:55  Marine  
  126  13:56  Marine x2  
  113  14:02  Marine  
  113  14:03  Marine x9  
  111  14:20  Marine  
  111  14:21  Unknown, Marine x2  
  111  14:27  Marine  
  111  14:28  Marine x9  
  106  14:44  Barracks  
  106  14:45  Barracks x2, Marine  
  106  14:46  Marine x2  
  99  14:51  Marine  
  99  14:53  Marine x8  
Tags
 
Add a new tag
Caveats
  • Supply blocks, unpowered buildings, or Contaminate may cause inaccurate times.
  • Supply counts are checked every 10 seconds.